 Dungeon Crawl Stone Soup version 0.17-a0-1646-geb1493d (webtiles) character file.

193 thrall606 the Conjurer (level 5, 0/40 HPs)
             Began as a Draconian Conjurer on Aug 11, 2015.
             Slain by an iguana (11 damage)
             ... on level 3 of the Dungeon.
             The game lasted 00:15:43 (3682 turns).

thrall606 the Conjurer (Draconian Conjurer)         Turns: 3682, Time: 00:15:43

Health: 0/40       AC:  5    Str: 10    XL:     5   Next: 44%
Magic:  4/9        EV: 13    Int: 17    God:
Gold:   123        SH:  0    Dex: 11    Spells: 2 memorised, 6 levels left

rFire  . . .     SeeInvis .     g - +0 hand axe
rCold  . . .     Clarity  .     (armour unavailable)
rNeg   . . .     SustAt   +     (no shield)
rPois  .         Gourm    .     (helmet restricted)
rElec  .         Spirit   .     (no cloak)
rCorr  .         Warding  .     (no gloves)
rMut   +         Stasis   .     (no boots)
MR     .....                    d - amulet of resist mutation
Stlth  ++........               (no ring)
                                e - ring of sustain attributes

@: not resistant to hostile enchantments, unstealthy
A: unfitting armour, cold-blooded, AC +5
a: no special abilities


You were on level 3 of the Dungeon.
You were not hungry.

You visited 1 branch of the dungeon, and saw 3 of its levels.

You collected 123 gold pieces.

Inventory:

Hand weapons
 c - a +0 dagger
 g - a +0 hand axe (weapon)
 j - a -2 whip
Jewellery
 d - an amulet of resist mutation (around neck)
 e - a ring of sustain attributes (left hand)
 f - an uncursed amulet of resist corrosion
Magical devices
 b - a wand of random effects (18)
Scrolls
 i - a scroll of recharging
 o - a scroll of remove curse
Books
 a - a book of Conjurations

   Spells                             Type                      Level
   a - Magic Dart                     Conjuration                  1
   b - Searing Ray                    Conjuration                  2
   c - Dazzling Spray                 Conjuration/Hexes            3
   d - Fulminant Prism                Conjuration/Hexes            4
   e - Iskenderun's Mystic Blast      Conjuration                  4
   f - Iskenderun's Battlesphere      Conjuration/Charms           5
Comestibles
 h - a chunk of flesh
 k - a meat ration
 l - a slice of pizza
 n - a beef jerky


   Skills:
 + Level 1.2 Fighting
 + Level 1.0(1.1) Axes
 + Level 0.6(1.0) Maces & Flails
 + Level 3.4 Dodging
 + Level 2.1 Stealth
 + Level 2.7 Spellcasting
 + Level 4.7 Conjurations


You had 6 spell levels left.
You knew the following spells:

 Your Spells              Type           Power        Failure   Level  Hunger
a - Magic Dart            Conj           ###.         2%          1    #......
b - Searing Ray           Conj           ###...       4%          2    ##.....


Dungeon Overview and Level Annotations

Branches:
Dungeon (3/15)

Altars:
Nemelex Xobeh
Ru


Innate Abilities, Weirdness & Mutations

Your plain brown scales are hard (AC +5).
Your body does not fit into most forms of armour.
You are cold-blooded and may be slowed by cold attacks.


Message History

The iguana bites you!
You barely miss the iguana.
The iguana is moderately wounded.
The iguana bites you.
You hit the iguana but do no damage.
The iguana is moderately wounded.
The iguana barely misses you. The iguana bites you.
You barely miss the iguana.
The iguana is moderately wounded.
The iguana bites you!
* * * LOW HITPOINT WARNING * * *
You closely miss the iguana.
The iguana is moderately wounded.
The iguana closely misses you. The iguana closely misses you.
The iguana bites you.
* * * LOW HITPOINT WARNING * * *
The iguana hisses menacingly.
The iguana bites you!
You die...

#.# #.#
#############.###
#................
#.###########.###
#.# #.##.### #.#
#......# ####
#.######l######
#.##.#.# ....
......>@......#
#.#..#.# ###.
#.####...)....#
#.#....#
#...))...###.######
# ###'##..........#
#. #.##.#####....#
#.#### #.##.#
###### #....#
#.##.# #....#
#.##.# #....#
#.##.#


You could see an iguana.

Vanquished Creatures
  An orc wizard (D:3)
  Jessica (D:2)
  Terence (D:1)
  4 adders
  A worm (D:2)
  A giant gecko (D:2)
  5 orcs (D:3)
  3 ball pythons
  8 bats
  4 giant cockroaches
  3 goblins (D:1)
  6 hobgoblins
  11 jackals
  8 kobolds
  A quokka (D:2)
  6 giant newts
  6 rats
70 creatures vanquished.

Notes
Turn   | Place    | Note
--------------------------------------------------------------
     0 | D:1      | thrall606 the Draconian Conjurer began the quest for the Orb.
     0 | D:1      | Reached XP level 1. HP: 14/14 MP: 3/3
   261 | D:1      | Reached XP level 2. HP: 20/20 MP: 0/5
   328 | D:1      | Learned a level 2 spell: Searing Ray
  1129 | D:1      | Reached XP level 3. HP: 27/27 MP: 0/6
  1449 | D:2      | Found a sparkling altar of Nemelex Xobeh.
  1581 | D:2      | Found a faded altar to an unknown god.
  1590 | D:2      | Became a worshipper of Ru the Awakened
  1607 | D:2      | Fell from the grace of Ru
  1613 | D:2      | Noticed Terence
  1669 | D:1      | Killed Terence
  1750 | D:2      | Noticed Jessica
  1817 | D:2      | Killed Jessica
  1817 | D:2      | Reached skill level 1 in Fighting
  1817 | D:2      | Reached XP level 4. HP: 26/35 MP: 0/7
  2898 | D:3      | Reached XP level 5. HP: 40/40 MP: 5/8
  3413 | D:3      | Reached skill level 1 in Axes
  3682 | D:3      | Slain by an iguana

Vault maps used:
D:1:      mrwooster_arrival_statue_3
D:2:      ecumenical_altar_2, nemelex_xobeh_ov_fountains_minmay, uniq_jessica,
          uniq_terence

Action                   |  1- 3 |  4- 6 || total
-------------------------+-------+-------++-------
Melee: Unarmed           |     7 |       ||     7
       Dagger            |    21 |       ||    21
       Hand axe          |    44 |    39 ||    83
       Whip              |    25 |    43 ||    68
 Cast: Magic Dart        |    26 |    34 ||    60
       Searing Ray       |    25 |    31 ||    56
Invok: Renounce Religion |     1 |       ||     1
  Use: Scroll            |     3 |     2 ||     5
       Potion            |     3 |     2 ||     5
  Eat: Bread ration      |     1 |     1 ||     2
       Chunk             |     1 |     5 ||     6
